 Dungeon Crawl Stone Soup version 0.20.1-1-g8b1a95d (webtiles) character file.

1601 Jerry the Carver (level 8, 0/67 HPs)
             Began as a Barachi Fighter on Oct 22, 2017.
             Was a Follower of Cheibriados.
             Slain by an ogre
             ... wielding a cursed +0 giant spiked club
              (24 damage)
             ... on level 7 of the Dungeon.
             The game lasted 00:20:41 (6147 turns).

Jerry the Carver (Barachi Fighter)                  Turns: 6147, Time: 00:20:42

Health: 0/67       AC: 12    Str: 23    XL:     8   Next: 94%
Magic:  10/10      EV: 15    Int: 11    God:    Cheibriados [*.....]
Gold:   163        SH:  0    Dex: 20    Spells: 5/7 levels left

rFire    + . .     SeeInvis .   a - +0 long sword
rCold    . . .     Gourm    +   (no shield)
rNeg     . . .     Faith    .   e - +1 ring mail {rF+}
rPois    .         Spirit   .   (no helmet)
rElec    .         Reflect  .   d - +0 cloak
rCorr    .         Harm     .   D - +0 pair of gloves
MR       .....                  G - +0 pair of boots
Stlth    ++........             A - amulet of the gourmand (curse)
Regen    0.3/turn               k - +1 ring of protection
MPRegen  0.2/turn               y - +2 ring of slaying

@: agile, very slow
A: +LOS, swims, slowness 1, strong legs 1
a: Hop, Bend Time, Renounce Religion


You were on level 7 of the Dungeon.
You worshipped Cheibriados.
Cheibriados was aware of your devotion.
You were completely stuffed.

You visited 2 branches of the dungeon, and saw 8 of its levels.

You collected 353 gold pieces.
You spent 190 gold pieces at shops.

Inventory:

Hand Weapons
 a - a +0 long sword (weapon)
 x - a cursed -1 dagger
Armour
 b - a +0 scale mail
 c - a +0 shield
 d - a +0 cloak (worn)
 e - a +1 ring mail of fire resistance (worn)
 D - a +0 pair of gloves (worn)
 G - a +0 pair of boots (worn)
Jewellery
 k - a +1 ring of protection (left hand)
 y - a +2 ring of slaying (right hand)
 A - a cursed amulet of the gourmand (around neck)
 E - an uncursed ring of positive energy
 H - an uncursed ring of see invisible
Wands
 g - a wand of polymorph (7/24)
 F - a wand of polymorph (13/24)
Scrolls
 h - a scroll of teleportation
 j - 2 scrolls of identify
 m - 2 scrolls of magic mapping
 s - a scroll of enchant weapon {unknown}
 J - a scroll of enchant armour {unknown}
Potions
 i - a potion of resistance
 l - a potion of agility
 n - 2 potions of lignification {unknown}
 o - 3 potions of heal wounds {unknown}
 p - a potion of ambrosia {unknown}
 t - 2 potions of haste {unknown}
 u - 7 potions of curing
 w - a potion of invisibility {unknown}
 z - 5 potions of mutation {unknown}
 B - a potion of magic {unknown}
 M - a potion of might
Books
 r - a book of Conjurations

   Spells                             Type                      Level
   a - Magic Dart                     Conjuration                  1
   b - Searing Ray                    Conjuration                  2
   c - Dazzling Spray                 Conjuration/Hexes            3
   d - Fulminant Prism                Conjuration/Hexes            4
   e - Force Lance                    Conjuration/Translocation    4
   f - Iskenderun's Mystic Blast      Conjuration                  4
 v - a book of Maledictions

   Spells                             Type                      Level
   a - Corona                         Hexes                        1
   b - Ensorcelled Hibernation        Hexes/Ice                    2
   c - Confuse                        Hexes                        3
   d - Tukima's Dance                 Hexes                        3
   e - Dazzling Spray                 Conjuration/Hexes            3
 C - a book of Cantrips

   Spells                             Type                      Level
   a - Confusing Touch                Hexes                        1
   b - Animate Skeleton               Necromancy                   1
   c - Summon Small Mammal            Summoning                    1
   d - Apportation                    Translocation                1
Comestibles
 f - 3 bread rations
 q - 5 royal jellies
 I - 4 fruits
 K - a meat ration
 L - a chunk of flesh


   Skills:
 + Level 7.1 Fighting
 * Level 8.9 Long Blades
 + Level 7.0 Armour
 - Level 4.1 Shields
 + Level 2.7 Invocations


You had 5 spell levels left.
You knew the following spells:

 Your Spells              Type           Power        Failure   Level  Hunger
a - Animate Skeleton      Necr           N/A          45%         1    ##.....
b - Apportation           Tloc           #.....       45%         1    ##.....


Dungeon Overview and Level Annotations

Branches:
Dungeon (7/15)             Temple (1/1) D:4

Altars:
Ashenzari
Cheibriados
Elyvilon
Kikubaaqudgha
Makhleb
Okawaru
Qazlal
Xom

Shops:
D:5 *   D:7 !(}[

Annotations:
D:4 letownia's ghost, novice DDNe


Innate Abilities, Weirdness & Mutations

Shadows flee at your approach. (+LOS)
You can swim through water.
You cover ground slowly.
You can hop short distances.


Message History

The orc is moderately wounded.
Something hits you but does no damage.
The ogre hits you with a giant spiked club!
The orc hits you but does no damage.
You hit the orc.
The orc is severely wounded.
The orc closely misses you.
You riposte.
You closely miss the orc.
The orc is severely wounded.
You hear some strange, mumbled words.
A magic dart appears from out of thin air!
The magic dart hits you!
You feel agile all of a sudden. The ogre closely misses you.
You riposte.
You hit the ogre.
The ogre is lightly wounded.
Something hits you but does no damage. The orc hits you.
You slash the orc!
You kill the orc!
Cheibriados appreciates the change of pace.
The ogre hits you with a giant spiked club!!
You die...

...#.....## ####
#.#_#.<...########..####
#..#....................
#...........###.........
##.#...###### #####...##
#.....# #...## ###...##
##....# #..){####
##......
#..?@...######...###.
#...O..........### ##
##....÷.#.....## #
##.##.###...##
#####.###..# .# #...# #.
##..# .# ##..# ÷# ..#


You could see an ogre.

Vanquished Creatures
  4 phantoms
  An ice beast (D:4)
  A sky beast (D:6)
  An ogre (D:5)
  A bullfrog (D:6)
  2 howler monkeys
  A crimson imp (D:5)
  2 hounds
  4 orc priests
  Crazy Yiuf (D:2)
  A bullfrog skeleton (D:4)
  4 orc wizards
  A gnoll shaman (D:5)
  An iguana (D:6)
  3 worker ants
  A hound zombie (D:5)
  A hound skeleton (D:4)
  8 adders
  8 gnolls
  2 shadow imps
  An adder zombie (D:6)
  2 oozes (D:1)
  3 worms
  3 dart slugs (D:2)
  2 leopard geckos
  17 orcs
  2 ball pythons
  6 giant cockroaches
  5 goblins
  11 hobgoblins
  7 kobolds
  2 quokkas
  A ball python skeleton (D:4)
  9 bats
  7 frilled lizards
  11 rats
137 creatures vanquished.

Notes
Turn   | Place    | Note
-------+----------+-------------------------------------------
     0 | D:1      | Jerry the Barachi Fighter began the quest for the Orb.
     0 | D:1      | Reached XP level 1. HP: 18/18 MP: 1/1
   236 | D:1      | Reached XP level 2. HP: 25/25 MP: 2/2
   448 | D:1      | Reached XP level 3. HP: 30/30 MP: 3/3
   630 | D:1      | Reached skill level 3 in Long Blades
   980 | D:2      | Reached XP level 4. HP: 37/37 MP: 4/4
  1335 | D:2      | Found a runed door.
  1340 | D:2      | Noticed Crazy Yiuf
  1344 | D:2      | Killed Crazy Yiuf
  1344 | D:2      | Reached skill level 4 in Long Blades
  1344 | D:2      | Reached XP level 5. HP: 20/43 MP: 5/5
  2371 | D:3      | Reached skill level 5 in Fighting
  2371 | D:3      | Reached skill level 5 in Long Blades
  2371 | D:3      | Reached XP level 6. HP: 51/51 MP: 6/6
  2703 | D:4      | Reached skill level 5 in Armour
  3025 | D:4      | Noticed letownia's ghost (novice DDNe)
  3171 | D:4      | Noticed an ice beast
  3186 | D:4      | Killed an ice beast
  3186 | D:4      | Reached skill level 6 in Long Blades
  3186 | D:4      | Reached XP level 7. HP: 34/56 MP: 7/7
  3706 | D:5      | Entered Level 5 of the Dungeon
  3746 | D:4      | Found a staircase to the Ecumenical Temple.
  3761 | Temple   | Entered the Ecumenical Temple
  3767 | Temple   | Became a worshipper of Cheibriados the Contemplative
  4354 | D:5      | Reached skill level 7 in Long Blades
  4502 | D:5      | Reached skill level 1 in Invocations
  4505 | D:5      | Reached XP level 8. HP: 52/64 MP: 8/8
  4508 | D:5      | Reached * piety under Cheibriados
  4857 | D:5      | Found Ulaadwak's Assorted Antiques.
  4984 | D:5      | Bought a scroll labeled ITUERA ZAINWEI for 25 gold pieces
  5143 | D:6      | Learned a level 1 spell: Animate Skeleton
  5145 | D:6      | Learned a level 1 spell: Apportation
  5178 | D:6      | Reached skill level 8 in Long Blades
  6018 | D:7      | Found an iron altar of Okawaru.
  6054 | D:7      | Found Hayrouja's Distillery.
  6056 | D:7      | Found Gan Geso's Gadget Shoppe.
  6057 | D:7      | Found Maumue's Antique Weapon Shoppe.
  6066 | D:7      | Found Qyurreimu's Armour Shoppe.
  6077 | D:7      | Bought a potion of agility for 60 gold pieces
  6077 | D:7      | Bought a potion of might for 60 gold pieces
  6077 | D:7      | Bought a potion of curing for 45 gold pieces
  6147 | D:7      | Slain by an ogre

Skill      XL: |  1  2  3  4  5  6  7  8 |
---------------+-------------------------+-----
Fighting       | 4 5 6 7 |  7.1
Armour         | 4 5 6 7 |  7.0
Long Blades    | 3 4 5 6 7 8 |  8.9
Shields        | 4 |  4.1
Invocations    | 1 2 |  2.7

Action                   |  1- 3 |  4- 6 |  7- 9 || total
-------------------------+-------+-------+-------++-------
Melee: Long sword        |   117 |   188 |   196 ||   501
 Abil: Hop               |       |     1 |       ||     1
  Use: Potion            |       |     1 |     1 ||     2
       Scroll            |       |     9 |     1 ||    10
  Eat: Chunk             |     1 |    22 |    11 ||    34
Armor: Scale mail        |    67 |   105 |       ||   172
       Ring mail         |       |    16 |    75 ||    91
Dodge: Dodged            |    53 |   105 |    80 ||   238
       Rpst.: Long sword |    14 |    32 |    32 ||    78
